 Dungeon Crawl Stone Soup version 0.24-a0-549-g45f0056d81 (webtiles) character file.

Game seed: 4004931384146607023

541 DasRunzen the Covered (level 7, -1/62 HPs)
             Began as a Minotaur Fighter on Aug 19, 2019.
             Slain by Prince Ribbit (9 damage)
             ... on level 5 of the Dungeon.
             The game lasted 00:06:11 (3075 turns).

DasRunzen the Covered (Minotaur Fighter)            Turns: 3075, Time: 00:06:12

Health: -1/62      AC:  8    Str: 26    XL:     7   Next: 5%
Magic:  6/6        EV:  8    Int:  7    God:
Gold:   209        SH: 10    Dex: 11    Spells: 6/6 levels left

rFire    + . .     SeeInvis .   a - +1 war axe
rCold    + . .     Gourm    .   c - +0 shield
rNeg     . . .     Faith    .   b - +0 scale mail
rPois    .         Spirit   .   (helmet restricted)
rElec    .         Reflect  .   e - scarf {rC+ rF+}
rCorr    .         Harm     .   k - +0 pair of gloves
MR       .....                  (no boots)
Stlth    ..........             (no amulet)
HPRegen  0.20/turn              n - +2 ring of intelligence
MPRegen  0.10/turn              (no ring)

@: mighty
A: retaliatory headbutt, horns 2
a: no special abilities


You were on level 5 of the Dungeon.
You were hungry.

You visited 1 branch of the dungeon, and saw 5 of its levels.
You also visited: Sewer.

You collected 209 gold pieces.

Inventory:

Hand Weapons
 a - a +1 war axe (weapon)
Armour
 b - a +0 scale mail (worn)
 c - a +0 shield (worn)
 e - a scarf of resistance (worn)
 k - a +0 pair of gloves (worn)
Jewellery
 n - a +2 ring of intelligence (left hand)
Wands
 w - a wand of disintegration (13)
Scrolls
 l - 2 scrolls of fear
 t - a scroll of blinking
Potions
 d - 4 potions of might
 g - 2 potions of brilliance
 h - a potion of magic
 i - 2 potions of haste
 j - a potion of resistance
 m - a potion of mutation {unknown}
 o - 7 potions of curing
 q - 2 potions of ambrosia {unknown}
 r - 4 potions of heal wounds {unknown}
 s - 3 potions of flight {unknown}
Comestibles
 f - 6 rations


   Skills:
 + Level 5.7 Fighting
 + Level 5.0 Axes
 + Level 5.8 Armour
 + Level 5.7 Shields


You had 6 spell levels left.
You didn't know any spells.
Your spell library was empty.

Dungeon Overview and Level Annotations

Branches:
Dungeon (5/15)
 Temple: D:4-7

Altars:
Elyvilon
Kikubaaqudgha
Nemelex Xobeh
Vehumet
Wu Jian
Xom
Yredelemnul
The Shining One

Annotations:
D:5 Prince Ribbit


Innate Abilities, Weirdness & Mutations

You reflexively headbutt those who attack you in melee.
You have a pair of horns on your head.


Message History

You are too injured to fight recklessly!
You are too injured to fight recklessly!
You closely miss Prince Ribbit.
Prince Ribbit is moderately wounded.
Prince Ribbit hits you!
* * * LOW HITPOINT WARNING * * *
You block Prince Ribbit's attack.
You closely miss Prince Ribbit.
Prince Ribbit is lightly wounded.
Prince Ribbit closely misses you. x2
You feel very mighty all of a sudden.
Prince Ribbit blinks!
Prince Ribbit hops awkwardly around.
You hit Prince Ribbit.
Prince Ribbit is moderately wounded.
You block Prince Ribbit's attack. x2
You slash Prince Ribbit!
Prince Ribbit is heavily wounded.
Prince Ribbit hits you!
You die...

### ..# #.# #.#
#.# #@# #F# #.#
##### #.#
##...#####.#
#....'.....#
#####....#######
#..............#
###.#....#.....#


You could see Prince Ribbit.

Vanquished Creatures
  A big kobold (Sewer)
  A crimson imp (D:5)
  An orc priest (D:3)
  4 orc wizards
  A worker ant (D:2)
  A hound skeleton (D:4)
  8 adders
  4 oozes (Sewer)
  3 worms (D:4)
  A dart slug (D:1)
  4 leopard geckos
  27 orcs
  7 ball pythons
  A bat zombie (D:1)
  4 giant cockroaches
  5 goblins
  6 hobgoblins
  10 jackals
  2 quokkas
  6 bats
  9 frilled lizards
  17 kobolds
  A quokka zombie (D:1)
  16 rats
140 creatures vanquished.

Vanquished Creatures (others)
  A leopard gecko (D:2)
1 creature vanquished.

Grand Total: 141 creatures vanquished

Notes
Turn   | Place    | Note
-------+----------+-------------------------------------------
     0 | D:1      | DasRunzen the Minotaur Fighter began the quest for the Orb.
     0 | D:1      | Reached XP level 1. HP: 19/19 MP: 0/0
    65 | D:1      | Reached XP level 2. HP: 19/27 MP: 1/1
   410 | D:1      | Reached XP level 3. HP: 30/33 MP: 2/2
   599 | D:2      | Found a radiant altar of Vehumet.
   823 | D:2      | Reached XP level 4. HP: 35/41 MP: 3/3
   887 | D:2      | Found a basalt altar of Yredelemnul.
   941 | D:2      | Found a white marble altar of Elyvilon.
  1190 | D:2      | Found a shimmering altar of Xom.
  1407 | D:3      | Found a glowing drain.
  1412 | Sewer    | Entered a sewer
  1437 | Sewer    | Reached XP level 5. HP: 47/47 MP: 4/4
  1506 | Sewer    | Reached skill level 5 in Fighting
  1506 | Sewer    | Reached skill level 5 in Shields
  1561 | Sewer    | Reached skill level 5 in Armour
  1723 | D:3      | Found an ornate altar of the Wu Jian Council.
  1903 | D:3      | Reached XP level 6. HP: 29/56 MP: 5/5
  2329 | D:3      | Found a sparkling altar of Nemelex Xobeh.
  2447 | D:4      | Found an ancient bone altar of Kikubaaqudgha.
  2772 | D:4      | Found a glowing golden altar of the Shining One.
  2979 | D:5      | Entered Level 5 of the Dungeon
  3004 | D:5      | Reached skill level 5 in Axes
  3004 | D:5      | Reached XP level 7. HP: 62/62 MP: 6/6
  3054 | D:5      | Noticed Prince Ribbit
  3075 | D:5      | Slain by Prince Ribbit

Levels and vault maps discovered:
D:1:      saegor_arrival_fortress, layout_basic, minmay_pentomino_o2
D:2:      layout_basic, kennysheep_ying_yang, tgw_xom, fiery_altar_vehumet
D:3:      layout_basic, lemuel_round_altar, lemuel_doored_altar,
          portal_sewer_entry_e
D:4:      layout_loops_ring, nicolae_overflow_crystal_walls, tso_metal_star,
          first_ration
D:5:      layout_basic, basic_altar, kennysheep_windowed_goal, uniq_grinder,
          uniq_duvessa, uniq_prince_ribbit1

Skill      XL: |  1  2  3  4  5  6 |
---------------+-------------------+-----
Fighting       | 4 5 |  5.7
Armour         | 4 5 |  5.8
Shields        | 4 5 |  5.7
Axes           | 3 4 5 |  5.0

Action                   |  1- 3 |  4- 6 |  7- 9 || total
-------------------------+-------+-------+-------++-------
Melee: War axe           |    93 |   209 |    15 ||   317
       Headbutt          |    16 |    34 |       ||    50
  Use: Scroll            |     2 |    12 |       ||    14
       Potion            |       |       |     1 ||     1
  Eat: Chunk             |       |     7 |       ||     7
Armor: Scale mail        |    58 |    75 |     2 ||   135
Dodge: Dodged            |    39 |    58 |     5 ||   102
Block: Shield            |    57 |   118 |     9 ||   184

Table legend:
 A = Non-vault XP
 B = Vault XP
 C = Vault XP percentage of total XP
 D = Non-vault monster count
 E = Vault monster count
 F = Vault count percentage of total count
                 A         B        C        D         E       F
            +---------+---------+-------+---------+---------+-------
      Total |     591 |     182 |  23.5 |      99 |      41 |  29.3
            +---------+---------+-------+---------+---------+-------
        D:1 |      44 |       6 |  12.0 |      24 |       4 |  14.3
        D:2 |     115 |       6 |   5.0 |      22 |       5 |  18.5
        D:3 |     154 |      22 |  12.5 |      18 |       8 |  30.8
        D:4 |     228 |       0 |   0.0 |      34 |       0 |   0.0
        D:5 |      50 |       0 |   0.0 |       1 |       0 |   0.0
      Sewer |       0 |     148 | 100.0 |       0 |      24 | 100.0
            +---------+---------+-------+---------+---------+-------
